 Dungeon Crawl Stone Soup version 0.29.1-13-g9f3cf754e1 (webtiles) character file.

Game seed: 3558753971005109908

102 javelincjr the Conjurer (level 4, -6/35 HPs)
             Began as a Draconian Conjurer on Feb 11, 2023.
             Killed from afar by Ijyb (8 damage)
             ... with a puff of flame
             ... on level 3 of the Dungeon.
             The game lasted 00:05:28 (2045 turns).

javelincjr the Conjurer (Draconian Conjurer)        Turns: 2045, Time: 00:05:29

Health: -6/35      AC:  5    Str: 12    XL:     4   Next: 49%
Magic:  0/7        EV: 12    Int: 18    God:
Gold:   172        SH:  0    Dex:  9    Spells: 4/7 levels left

rFire   . . .      SeeInvis .   n - +0 dagger (drain)
rCold   . . .      Faith    .   h - orb {light}
rNeg    . . .      Spirit   .   (body armour unavailable)
rPois   .          Reflect  .   (helmet restricted)
rElec   .          Harm     .   (no cloak)
rCorr   .          Rampage  .   (no gloves)
Will    .....                   (no boots)
Stlth   +.........              (no amulet)
HPRegen 0.11/turn               (no ring)
MPRegen 0.10/turn               (no ring)

@: glowing
A: AC +5, unfitting armour, cold-blooded
a: no special abilities


You were on level 3 of the Dungeon.
You visited 1 branch of the dungeon, and saw 4 of its levels.

You collected 172 gold pieces.

Inventory:

Hand Weapons
 b - a +0 spear
 k - a +1 dagger of electrocution
 n - a +0 dagger of draining (weapon)
Missiles
 i - 10 poisoned darts
 r - 6 curare-tipped darts
Armour
 h - an orb of light (worn)
Jewellery
 o - an amulet of magic regeneration
Wands
 m - a wand of polymorph (7)
Scrolls
 c - 3 scrolls of poison {unknown}
 d - 2 scrolls of immolation {unknown}
 e - a scroll of brand weapon {unknown}
 f - a scroll of enchant armour {unknown}
 g - a scroll of vulnerability {unknown}
 j - a scroll of amnesia {unknown}
 q - a scroll of identify {unknown}
 t - a scroll of silence {unknown}
 u - a scroll of teleportation {unknown}
Potions
 a - a potion of magic
 l - 2 potions of heal wounds {unknown}
 p - a potion of flight {unknown}
 s - a potion of experience {unknown}


   Skills:
 + Level 1.3 Fighting
 + Level 1.8 Dodging
 + Level 2.1 Stealth
 + Level 2.3 Spellcasting
 + Level 5.3 Conjurations


You had 4 spell levels left.
You knew the following spells:

 Your Spells              Type           Power      Damage    Failure   Level
a - Magic Dart            Conj           84%        1d7       1%          1
b - Searing Ray           Conj           42%        2d6       3%          2

Your spell library contained the following spells:

 Spells                   Type           Power      Damage    Failure   Level
 Dazzling Flash           Conj/Hex       22%        N/A       17%         3
 Fulminant Prism          Conj/Hex       5%         3d7       50%         4
 Iskenderun's Mystic Bla  Conj/Tloc      11%        2d4       50%         4


Dungeon Overview and Level Annotations

Branches:
Dungeon (4/15)
 Temple: D:4-7

Altars:
Ashenzari
Gozag
Nemelex Xobeh

Annotations:
D:3 Ijyb


Innate Abilities, Weirdness & Mutations

Your plain brown scales are hard. (AC +5)
You cannot fit into any form of body armour.
You are cold-blooded and may be slowed by cold attacks.


Message History

You kill the bat!
Found 5 stones.
You open the door.
Found an opulent altar of Gozag and a sparkling altar of Nemelex Xobeh.
You can't see any susceptible monsters within range! (Use Z to cast anyway.)
There is an open door here.
There is a fountain of sparkling water here.
u - a scroll labelled IFYNKA BUURUO
There is an open door here.
You open the door.
Ijyb the Twisted Goblin comes into view.
She is wielding a +0 dagger and carrying a wand of flame (16).
There is an open door here.
The magic dart hits Ijyb.
Ijyb is lightly wounded.
Ijyb zaps a wand.
The puff of flame hits you!
The magic dart hits Ijyb.
Ijyb is lightly wounded.
The magic dart hits Ijyb but does no damage.
Ijyb is lightly wounded.
Casting: Magic Dart (safe; 1% risk of failure)
Confirm with . or Enter, or press ? or * to list all spells.
Aiming: Searing Ray (safe; 3% risk of failure)
Press: ? - help, Shift-Dir - straight line, f/p - Ijyb
Aim: Ijyb, wielding a +0 dagger, wearing a +0 leather armour and carrying a wand of flame (15) (lightly wounded, 72% to hit)
The searing ray hits Ijyb.
Ijyb is moderately wounded. (Press . to maintain the ray.) Ijyb screams, "Me kill you!"
Ijyb zaps a wand.
The puff of flame hits you!
The searing ray hits Ijyb.
Ijyb is heavily wounded.
Ijyb zaps a wand.
The puff of flame hits you!
* * * LOW HITPOINT WARNING * * *
The searing ray hits Ijyb.
Ijyb is severely wounded.
A giant cockroach comes into view.
Ijyb zaps a wand.
The puff of flame hits you!
* * * LOW HITPOINT WARNING * * *
Ijyb zaps a wand.
The puff of flame hits you!
You die...

##### #.######......##.)###
##...###.....#####.......)÷)
##..⌠..##..#.....##........#.
#.......#..#.(##.###.##......
#..._...#......#...#.##.#.###
#.8...8.'......###..)##.#.#..
#..._...#.##.#..........#.###
#.......#.##.#########.......
##..⌠..#####@# #....#.##..#.
##...## #'# #.##.#.##....
#####.......# #.##...##.###
.........# #.....###.###
.........# ####....#..##
...g.....# ##....##...
B.......?# #.....#....
.........#####.....#.###
##########.........#.#


You could see Ijyb.

Vanquished Creatures
  Robin (D:3)
  5 adders (D:3)
  3 endoplasms
  A giant cockroach (D:1)
  13 goblins
  6 hobgoblins
  A kobold (D:3)
  A quokka (D:1)
  3 ball pythons
  5 bats
  2 frilled lizards
  5 rats
46 creatures vanquished.

Vanquished Creatures (others)
  A fungus (D:1)
1 creature vanquished.

Grand Total: 47 creatures vanquished

Notes
Turn   | Place    | Note
-------+----------+-------------------------------------------
     0 | D:1      | javelincjr the Draconian Conjurer began the quest for the
                  | Orb.
     0 | D:1      | Reached XP level 1. HP: 14/14 MP: 3/3
   298 | D:1      | Reached XP level 2. HP: 20/20 MP: 3/5
   553 | D:1      | Found a faded altar of an unknown god.
  1041 | D:2      | You fall into a shaft and drop 2 floors!
  1110 | D:3      | Found a broken altar of Ashenzari.
  1139 | D:3      | Reached XP level 3. HP: 26/26 MP: 2/6
  1360 | D:3      | Reached skill level 5 in Conjurations
  1469 | D:3      | Noticed Robin
  1486 | D:3      | Killed Robin
  1487 | D:3      | Reached skill level 1 in Fighting
  1487 | D:3      | Reached XP level 4. HP: 18/35 MP: 0/7
  1844 | D:3      | Learned a level 2 spell: Searing Ray
  2018 | D:3      | Found an opulent altar of Gozag.
  2018 | D:3      | Found a sparkling altar of Nemelex Xobeh.
  2038 | D:3      | Noticed Ijyb
  2045 | D:3      | Killed from afar by Ijyb

Illustrated notes

Levels and vault maps discovered:
D:1:      amcnicky_arrival_gap_in_the_tavern_cellar, layout_loops_ring,
          shapermc_ecumenical_altar_ellora
D:2:      layout_basic, serial_shops, shop, uniq_terence, uniq_sigmund
D:3:      layout_basic, grunt_temple_overflow_opulence, amcnicky_altar_gilded,
          supply_closet_lemuel, minmay_starry_boxes, uniq_crazy_yiuf_cottage,
          uniq_robin, uniq_ijyb
D:4:      layout_loops_ring, chequers_garden, uniq_grinder, uniq_edmund,
          uniq_eustachio

Skill      XL: |  1  2  3 |
---------------+----------+-----
Stealth        | 2 |  2.1
Conjurations   | 5 |  5.3
Fighting       | 1 |  1.3
Dodging        | |  1.8
Spellcasting   | |  2.3

Action                   |  1- 3 |  4- 6 || total
-------------------------+-------+-------++-------
Melee: Spear             |    14 |       ||    14
       Tailslap          |     3 |       ||     3
       Dagger            |    20 |    15 ||    35
 Cast: Magic Dart        |    48 |    17 ||    65
       Searing Ray       |       |     1 ||     1
Armor: Skin              |     9 |     8 ||    17
Dodge: Dodged            |    21 |     6 ||    27
